 Dungeon Crawl Stone Soup version 0.23-a0-241-g3b46b07 (webtiles) character file.

144 grindst0ne the Sneak (level 5, -3/37 HPs)
             Began as an Octopode Fighter on Sept 26, 2018.
             Slain by a gnoll
             ... wielding a +0 flail
              (10 damage)
             ... on level 2 of the Dungeon.
             The game lasted 00:04:06 (2048 turns).

grindst0ne the Sneak (Octopode Fighter)             Turns: 2048, Time: 00:04:07

Health: -3/37      AC:  1    Str: 16    XL:     5   Next: 27%
Magic:  5/5        EV: 11    Int: 10    God:
Gold:   104        SH:  9    Dex: 12    Spells: 4/4 levels left

rFire    . . .     SeeInvis .   a - +1 war axe
rCold    . . .     Gourm    .   b - +1 shield
rNeg     . . .     Faith    .   (helmet restricted)
rPois    .         Spirit   .   (no amulet)
rElec    .         Reflect  .   (no ring)
rCorr    .         Harm     .   (no ring)
MR       .....                  (no ring)
Stlth    ++++......             (no ring)
HPRegen  0.12/turn              (no ring)
MPRegen  0.09/turn              (no ring)
                                (no ring)
                                (no ring)

@: slowed, very slow
A: almost no armour, stealthy swim, amphibious, 8 rings, constrict 8, camouflage
1, gelatinous body 1
a: no special abilities


You were on level 2 of the Dungeon.
You were hungry.

You visited 1 branch of the dungeon, and saw 3 of its levels.

You collected 104 gold pieces.

Inventory:

Hand Weapons
 a - a +1 war axe (weapon)
Missiles
 j - 5 tomahawks (quivered)
Armour
 b - a +1 shield (worn)
Scrolls
 e - a scroll of enchant weapon
 f - a scroll of random uselessness {unknown}
 g - a scroll of enchant armour
Potions
 c - 2 potions of might
 h - a potion of flight
 l - a potion of brilliance
 p - a potion of ambrosia {unknown}
 q - a potion of magic
Comestibles
 d - 3 rations


   Skills:
 + Level 4.1 Fighting
 - Level 2.0 Axes
 - Level 3.0 Dodging
 * Level 5.6 Stealth
 - Level 3.0 Shields


You had 4 spell levels left.
You didn't know any spells.
Your spell library was empty.

Dungeon Overview and Level Annotations

Branches:
Dungeon (3/15)

Altars:


Innate Abilities, Weirdness & Mutations

You cannot wear most types of armour.
You are very stealthy in the water. (Stealth+)
You are amphibious.
You can wear up to eight rings at the same time.
You can use your tentacles to constrict eight enemies at once.
Your skin changes colour to match your surroundings (Stealth+).
Your rubbery body absorbs attacks. (AC +1, EV +1)


Message History

The giant cockroach barely misses you. You block the giant cockroach's attack.
You block the gnoll's attack. The giant cockroach closely misses you.
The gnoll hits you from afar with a halberd!
* * * LOW HITPOINT WARNING * * *
The gnoll barely misses you.
There is an escape hatch in the ceiling, spattered with blood here.
The giant cockroach misses you. The gnoll barely misses you.
The gnoll hits you with a flail.
* * * LOW HITPOINT WARNING * * *
You block the giant cockroach's attack. A mysterious force pulls you upwards.
The hatch slams shut behind you.
Okay, then.
You hit the gnoll. You grab the gnoll.
You squeeze the gnoll, but do no damage.
The gnoll is heavily wounded.
You hit the giant cockroach but do no damage.
You constrict the gnoll. The giant cockroach barely misses you.
The gnoll hits you with a flail!
You die...

....# #.....##......##########
#'### ########......# #... #.#
#...# ######## #.##
#.#########...########## #.##
#.#....................# #.#.
#.#....................# #.#.
#.#....................# #.##
.......................# #.#
...#.#####......@g.....# #.##
.).......#.......s.....# ###.#.
#.#...)................# #...#.
#.#...........#...###### #.#.#.
#.#...........#...# #.#...
#.#..###.#.#.##...# #.#.#.
#.#..###.#.#..#...## ###.#.#.
.........#.........# #...#...
...................#######.######


You could see a gnoll and a giant cockroach.

Vanquished Creatures
  5 gnolls
  3 adders (D:2)
  3 leopard geckos
  2 giant cockroaches
  3 goblins
  6 hobgoblins
  4 jackals (D:2)
  3 quokkas (D:2)
  A ball python (D:2)
  6 bats
  8 frilled lizards
  4 kobolds
  26 rats
74 creatures vanquished.

Notes
Turn   | Place    | Note
-------+----------+-------------------------------------------
     0 | D:1      | grindst0ne the Octopode Fighter began the quest for the
                  | Orb.
     0 | D:1      | Reached XP level 1. HP: 16/16 MP: 1/1
    76 | D:1      | Reached skill level 1 in Stealth
   134 | D:1      | Reached XP level 2. HP: 21/21 MP: 2/2
   138 | D:1      | Reached skill level 2 in Stealth
   541 | D:1      | Reached skill level 3 in Stealth
   763 | D:2      | Reached XP level 3. HP: 26/26 MP: 3/3
   874 | D:2      | Reached skill level 4 in Stealth
   874 | D:2      | Reached XP level 4. HP: 27/32 MP: 4/4
  1007 | D:2      | Reached skill level 5 in Stealth
  1383 | D:2      | Reached XP level 5. HP: 37/37 MP: 5/5
  2048 | D:2      | Slain by a gnoll

Vault maps used:
D:1:      dpeg_arrival_boxes_within_box, serial_bayou_pond_b,
          minmay_tree_intersection, minmay_misc_feat_five, minmay_lizard_king
D:2:      minmay_rat_hole
D:3:      lemuel_round_altar, grunt_dithmenos_smoke

Skill      XL: |  1  2  3  4  5 |
---------------+----------------+-----
Stealth        | 1 3 4 5 |  5.6
Fighting       | 4 |  4.1
Axes           | |  2.0
Dodging        | |  3.0
Shields        | |  3.0

Action                   |  1- 3 |  4- 6 || total
-------------------------+-------+-------++-------
Melee: War axe           |    46 |    62 ||   108
       Constrict         |     8 |    19 ||    27
       Tentacles         |     5 |    11 ||    16
Throw: Tomahawk          |    11 |       ||    11
  Use: Scroll            |       |    10 ||    10
       Potion            |       |     1 ||     1
 Stab: Sleeping          |     6 |    11 ||    17
  Eat: Chunk             |       |     3 ||     3
Armor: Skin              |     6 |     6 ||    12
Dodge: Dodged            |    23 |    44 ||    67
Block: Shield            |    30 |    41 ||    71

Table legend:
 A = Non-vault XP
 B = Vault XP
 C = Vault XP percentage of total XP
 D = Non-vault monster count
 E = Vault monster count
 F = Vault count percentage of total count
                 A         B        C        D         E       F
            +---------+---------+-------+---------+---------+-------
      Total |     173 |      34 |  16.4 |      44 |      30 |  40.5
            +---------+---------+-------+---------+---------+-------
        D:1 |      18 |      14 |  43.8 |      11 |      11 |  50.0
        D:2 |     137 |      20 |  12.7 |      30 |      19 |  38.8
        D:3 |      18 |       0 |   0.0 |       3 |       0 |   0.0
            +---------+---------+-------+---------+---------+-------
